 Dungeon Crawl Stone Soup version 0.20.1-1-g8b1a95d (webtiles) character file.

3151 Mitsuki the Fighter (level 9, -2/81 HPs)
             Began as a Hill Orc Fighter on Oct 4, 2017.
             Was a Believer of Okawaru.
             Killed from afar by Maurice (29 damage)
             ... with a wand of lightning (?/15)
             ... on level 8 of the Dungeon.
             The game lasted 00:16:26 (7143 turns).

Mitsuki the Fighter (Hill Orc Fighter)              Turns: 7143, Time: 00:16:27

Health: -2/81      AC: 26    Str: 24    XL:     9   Next: 93%
Magic:  13/13      EV:  7    Int:  8    God:    Okawaru [**....]
Gold:   377        SH: 11    Dex: 10    Spells: 9/10 levels left

rFire    . . .     SeeInvis +   a - +0 trident
rCold    + . .     Gourm    .   c - +0 shield
rNeg     . . .     Faith    .   b - +9 chain mail of Somewhere Else {rC+}
rPois    .         Spirit   .   (no helmet)
rElec    .         Reflect  .   u - +0 cloak
rCorr    .         Harm     .   M - -1 pair of gloves (curse)
MR       .....                  (no boots)
Stlth    ..........             (no amulet)
Regen    0.3/turn               g - ring of see invisible
MPRegen  0.2/turn               x - +3 ring of protection

@: no status effects
A: molten scales 1, strong 1, wild magic 1
a: Heroism, Renounce Religion


You were on level 8 of the Dungeon.
You worshipped Okawaru.
Okawaru was pleased with you.
You were not hungry.

You visited 1 branch of the dungeon, and saw 8 of its levels.

You collected 377 gold pieces.

Inventory:

Hand Weapons
 a - a +0 trident (weapon)
Armour
 b - the +9 chain mail of Somewhere Else (worn) {rC+}
   (You found it on level 5 of the Dungeon)

   It protects you from cold.
 c - a +0 shield (worn)
 u - a +0 cloak (worn)
 M - a cursed -1 pair of gloves (worn)
Jewellery
 g - a ring of see invisible (left hand)
 m - an uncursed ring of wizardry
 x - a +3 ring of protection (right hand)
 A - an uncursed ring of stealth {unknown}
 F - an uncursed ring of ice {unknown}
 O - a +3 ring of evasion {unknown}
Wands
 I - a wand of flame (16/48)
 P - a wand of clouds (2/9)
Scrolls
 d - 2 scrolls of enchant armour {unknown}
 e - 5 scrolls of remove curse {unknown}
 j - a scroll of recharging {unknown}
 k - a scroll of fear {unknown}
 l - a scroll of blinking {unknown}
 n - 2 scrolls of teleportation {unknown}
 o - 6 scrolls of identify {unknown}
 p - a scroll of enchant weapon {unknown}
 w - a scroll of fog {unknown}
 z - a scroll of brand weapon {unknown}
 B - a scroll of noise {unknown}
 J - 3 scrolls of immolation {unknown}
 N - a scroll of random uselessness {unknown}
Potions
 q - a potion of brilliance
 r - 2 potions of curing {unknown}
 v - a potion of ambrosia {unknown}
 C - 2 potions of resistance {unknown}
 D - a potion of heal wounds
 E - 3 potions of degeneration {unknown}
 G - a potion of flight
 K - a potion of haste {unknown}
Books
 t - a book of Misfortune

   Spells                             Type                      Level
   a - Confusing Touch                Hexes                        1
   b - Confuse                        Hexes                        3
   c - Gell's Gravitas                Translocation                3
   d - Petrify                        Transmutation/Earth          4
   e - Metabolic Englaciation         Hexes/Ice                    5
   f - Yara's Violent Unravelling     Hexes/Transmutation          5
 y - a book of Cantrips

   Spells                             Type                      Level
   a - Confusing Touch                Hexes                        1
   b - Animate Skeleton               Necromancy                   1
   c - Summon Small Mammal            Summoning                    1
   d - Apportation                    Translocation                1
 H - a book of Air

   Spells                             Type                      Level
   a - Shock                          Conjuration/Air              1
   b - Swiftness                      Charms/Air                   2
   c - Static Discharge               Conjuration/Air              3
   d - Airstrike                      Air                          4
   e - Lightning Bolt                 Conjuration/Air              5
Comestibles
 f - 9 bread rations
 h - 5 meat rations
 i - 2 royal jellies
 s - 12 fruits
 L - 4 chunks of flesh


   Skills:
 + Level 8.1 Fighting
 + Level 7.1 Polearms
 + Level 7.6 Armour
 + Level 7.5 Shields
 - Level 1.4 Spellcasting
 - Level 2.2 Summonings
 + Level 5.3 Invocations


You had 9 spell levels left.
You knew the following spells:

 Your Spells              Type           Power        Failure   Level  Hunger
a - Summon Small Mammal   Summ           #...         96%         1    ##.....


Dungeon Overview and Level Annotations

Branches:
Dungeon (8/15)             Temple (0/1) D:7
   Lair: D:8-11

Altars:
Elyvilon
Hepliaklqana
Makhleb
Okawaru
Ru
Zin

Shops:
D:4 !   D:7 %

Annotations:
D:8 Maurice


Innate Abilities, Weirdness & Mutations

You are partially covered in molten scales. (AC +2)
Your muscles are strong. (Str +2)
Your spells are a little harder to cast, but a little more powerful.


Message History

You are too injured to fight recklessly!
You are too injured to fight recklessly!
You are too injured to fight recklessly!
You are too injured to fight recklessly!
You are too injured to fight recklessly!
You are too injured to fight recklessly!
You are too injured to fight recklessly!
You are too injured to fight recklessly!
You are too injured to fight recklessly!
You are too injured to fight recklessly!
You are too injured to fight recklessly!
You are too injured to fight recklessly!
You hit Maurice but do no damage.
Maurice is heavily wounded.
Maurice hits you with a short sword.
Maurice steals your 3 scrolls labeled KIN XOAWAITUIN!
Your shield and chain mail of Somewhere Else prevent you from hitting Maurice.
Maurice is heavily wounded.
Maurice zaps a wand.
The bolt of lightning hits you! x2
You die...

.... # . #..#.# #
..#####..#.# .#
...........##.###.#
..#...............#
.........#.......#
......#.##.......#
#..@.#.......#
#.@..........#
###....#.......#
....#.##.......#
#.###.##..)....# ##
#.# #.###(######
...#####.###.###(#
#.............(.#
.##..#.....#####


You could see Maurice (invisible).

Vanquished Creatures
  Pikel (D:6)
  The ghost of Andry07 the Fighter, a novice GrFi of Okawaru (D:5)
  Eustachio (D:3)
  Duvessa (D:6)
  An ice beast (D:5)
  A phantom (D:5)
  An ogre (D:5)
  4 centaurs
  A big kobold (D:7)
  3 bullfrogs
  Blork the orc (D:6)
  Dowan (D:6)
  A wyvern skeleton (D:7)
  2 scorpions
  5 wights (D:6)
  A howler monkey (D:5)
  5 crimson imps
  A centaur zombie (D:7)
  3 hounds
  2 orc priests (D:7)
  2 bullfrog zombies
  5 orc wizards (D:7)
  Crazy Yiuf (D:3)
  A bullfrog skeleton (D:5)
  An iguana (D:5)
  3 worker ants
  A hound skeleton (D:6)
  8 adders
  A worm (D:2)
  3 dart slugs
  3 leopard geckos
  8 orcs
  6 giant cockroaches
  7 goblins
  A hobgoblin (D:1)
  8 jackals
  10 kobolds
  7 quokkas
  7 bats
  6 frilled lizards
  2 leopard gecko skeletons (D:6)
  A quokka zombie (D:5)
  4 rats (D:1)
133 creatures vanquished.

Notes
Turn   | Place    | Note
-------+----------+-------------------------------------------
     0 | D:1      | Mitsuki the Hill Orc Fighter began the quest for the Orb.
     0 | D:1      | Reached XP level 1. HP: 19/19 MP: 1/1
   189 | D:1      | Reached XP level 2. HP: 27/27 MP: 2/2
   523 | D:1      | Reached skill level 4 in Fighting
   767 | D:2      | Reached XP level 3. HP: 33/33 MP: 3/3
  1135 | D:2      | Reached XP level 4. HP: 34/40 MP: 4/4
  2279 | D:3      | You fall through a shaft for 2 floors!
  2279 | D:5      | Entered Level 5 of the Dungeon
  2288 | D:5      | Reached XP level 5. HP: 24/47 MP: 5/5
  2340 | D:5      | Noticed a centaur
  2393 | D:5      | Noticed Andry07's ghost (novice GrFi)
  2439 | D:5      | Noticed a centaur
  2440 | D:5      | Noticed a phantom
  2459 | D:5      | Killed a centaur
  2486 | D:5      | HP: 2/47 [phantom (6)]
  2490 | D:5      | Gained mutation: Your spells are a little harder to cast, but a little more powerful. [potion of mutation]
  2490 | D:5      | Gained mutation: Your muscles are strong. (Str +2) [potion of mutation]
  2490 | D:5      | Gained mutation: You are partially covered in molten scales. (AC +2) [potion of mutation]
  2498 | D:5      | Killed a phantom
  2498 | D:5      | Reached skill level 5 in Fighting
  2498 | D:5      | Reached XP level 6. HP: 5/56 MP: 6/6
  2824 | D:5      | Got a pitted chain mail
  2835 | D:5      | Identified the +9 chain mail of Somewhere Else {rC+} (You found it on level 5 of the Dungeon)
  2852 | D:5      | Found a burning altar of Makhleb.
  2988 | D:5      | Noticed an ice beast
  3010 | D:4      | Reached skill level 5 in Armour
  3166 | D:4      | Reached skill level 5 in Shields
  3316 | D:3      | Found a runed door.
  3320 | D:3      | Noticed Crazy Yiuf
  3326 | D:3      | Killed Crazy Yiuf
  3326 | D:3      | Reached XP level 7. HP: 55/61 MP: 7/7
  3587 | D:4      | Noticed Eustachio
  3589 | D:4      | Found Qerin's Distillery.
  3827 | D:3      | Killed Eustachio
  4483 | D:5      | Learned a level 1 spell: Summon Small Mammal
  4523 | D:5      | Reached skill level 6 in Fighting
  4577 | D:5      | Killed Andry07's ghost
  4577 | D:5      | Reached skill level 5 in Polearms
  4577 | D:5      | Reached skill level 1 in Spellcasting
  4577 | D:5      | Reached skill level 1 in Summonings
  4577 | D:5      | Reached XP level 8. HP: 42/71 MP: 7/9
  4881 | D:5      | Found a sacrificial altar of Ru.
  4881 | D:5      | Found an iron altar of Okawaru.
  4886 | D:5      | Became a worshipper of Warmaster Okawaru
  5065 | D:5      | Found a glowing silver altar of Zin.
  5067 | D:5      | Found a white marble altar of Elyvilon.
  5160 | D:5      | Reached skill level 1 in Invocations
  5209 | D:6      | Noticed Duvessa
  5210 | D:6      | Noticed Dowan
  5222 | D:6      | Killed Dowan
  5232 | D:6      | Killed Duvessa
  5612 | D:6      | Reached skill level 7 in Fighting
  5651 | D:6      | Reached XP level 9. HP: 78/79 MP: 11/11
  5893 | D:6      | Noticed Blork the orc
  5905 | D:6      | Killed Blork the orc
  5976 | D:6      | Reached * piety under Okawaru
  6047 | D:6      | Found a hazy altar of Hepliaklqana.
  6110 | D:6      | Noticed Pikel
  6129 | D:6      | Killed Pikel
  6689 | D:7      | Found a staircase to the Ecumenical Temple.
  6794 | D:7      | Found Ovvobra's Food Shoppe.
  6829 | D:7      | Reached skill level 5 in Invocations
  7081 | D:8      | Reached skill level 8 in Fighting
  7107 | D:8      | Reached ** piety under Okawaru
  7118 | D:8      | Noticed Maurice
  7143 | D:8      | Killed from afar by Maurice

Skill      XL: |  1  2  3  4  5  6  7  8  9 |
---------------+----------------------------+-----
Fighting       | 4 5 6 7 8 |  8.1
Polearms       | 3 4 5 6 7 |  7.1
Armour         | 4 5 6 7 |  7.6
Shields        | 4 5 6 7 |  7.5
Spellcasting   | 1 |  1.4
Summonings     | 1 2 |  2.2
Invocations    | 2 5 |  5.3

Action                   |  1- 3 |  4- 6 |  7- 9 || total
-------------------------+-------+-------+-------++-------
Melee: Trident           |   113 |   305 |   556 ||   974
  Use: Potion            |       |     4 |     1 ||     5
  Eat: Chunk             |     1 |     4 |    12 ||    17
       Meat ration       |       |     1 |       ||     1
Armor: Scale mail        |    43 |    53 |       ||    96
       Chain mail        |       |    68 |   321 ||   389
Dodge: Dodged            |    29 |    70 |   115 ||   214
Block: Shield            |    60 |   165 |   269 ||   494
